 Dungeon Crawl Stone Soup version 0.23.2-1-ga50397a (webtiles) character file.

Game seed: 17788398357367951059

14186 IBeShadow the Protected (level 12, 0/94 HPs)
             Began as a Gnoll Wanderer on May 28, 2019.
             Was an Elder of Cheibriados.
             Succumbed to a water moccasin's poison
             ... on level 2 of the Lair of Beasts.
             The game lasted 00:23:38 (14930 turns).

IBeShadow the Protected (Gnoll Wanderer)           Turns: 14930, Time: 00:23:38

Health: 0/94       AC: 12    Str: 27    XL:     12   Next: 13%
Magic:  22/22      EV: 18    Int: 24    God:    Cheibriados [****..]
Gold:   517        SH:  0    Dex: 32    Spells: 24/24 levels left

rFire    . . .     SeeInvis +   g - +6 flail (venom)
rCold    + . .     Gourm    .   (no shield)
rNeg     . . .     Faith    .   N - +1 scale mail {rC+}
rPois    .         Spirit   .   p - +0 helmet
rElec    .         Reflect  .   v - scarf {repulsion}
rCorr    .         Harm     .   z - +0 pair of gloves
MR       .....                  (no boots)
Stlth    ++++......             L - amulet of the acrobat
HPRegen  0.25/turn              b - ring of see invisible
MPRegen  0.18/turn              D - +4 ring of dexterity

@: lethally poisoned (0 -> -2), repel missiles, very slow
A: distributed training, fangs 1, strong nose
a: Bend Time, Temporal Distortion, Slouch, Renounce Religion


You were on level 2 of the Lair of Beasts.
You worshipped Cheibriados.
Cheibriados was greatly pleased with you.
You were hungry.

You visited 3 branches of the dungeon, and saw 14 of its levels.

You collected 517 gold pieces.

Inventory:

Hand Weapons
 g - a +6 flail of venom (weapon)
 q - a +0 shortbow
 w - a +0 quarterstaff
Missiles
 c - 51 bolts
 h - 46 sling bullets
 r - 129 arrows
 G - 6 throwing nets (quivered)
Armour
 p - a +0 helmet (worn)
 u - a +2 shield
 v - a scarf of repulsion (worn)
 z - a +0 pair of gloves (worn)
 N - a +1 scale mail of cold resistance (worn)
Jewellery
 b - a ring of see invisible (left hand)
 j - an uncursed ring of positive energy
 D - a +4 ring of dexterity (right hand)
 L - an amulet of the acrobat (around neck)
Wands
 n - a wand of iceblast (6)
 y - a wand of acid (9)
 A - a wand of enslavement (9)
 F - a wand of clouds (2)
 H - a wand of disintegration (3)
 K - a wand of polymorph (4)
 M - a wand of digging (4)
Scrolls
 a - 3 scrolls of identify
 d - 2 scrolls of blinking
 l - 5 scrolls of teleportation
 t - 4 scrolls of remove curse
 B - a scroll of fog
 C - a scroll of random uselessness {unknown}
 E - a scroll of enchant armour {unknown}
 O - a scroll of fear {unknown}
 P - a scroll of magic mapping
 T - a scroll of silence {unknown}
Potions
 e - 3 potions of mutation
 i - 2 potions of cancellation {unknown}
 k - a potion of ambrosia {unknown}
 m - 2 potions of agility {unknown}
 o - 2 potions of flight
 s - a potion of haste
 x - 2 potions of resistance
 I - 2 potions of curing
 J - 2 potions of brilliance {unknown}
 Q - a potion of might
 S - a potion of berserk rage {unknown}
Miscellaneous
 U - a phial of floods (inert)
Comestibles
 f - 29 rations


   Skills:
 + Level 8.3 Fighting
 + Level 6.8 Short Blades
 + Level 6.8 Long Blades
 + Level 6.8 Axes
 + Level 7.4 Maces & Flails
 + Level 7.4 Polearms
 + Level 6.8 Staves
 + Level 6.8 Slings
 + Level 6.8 Bows
 + Level 6.8 Crossbows
 + Level 7.4 Throwing
 + Level 8.3 Armour
 + Level 7.4 Dodging
 + Level 8.1 Stealth
 + Level 6.8 Shields
 + Level 6.8 Unarmed Combat
 + Level 6.8 Spellcasting
 + Level 5.7 Conjurations
 + Level 5.7 Hexes
 + Level 5.7 Charms
 + Level 5.7 Summonings
 + Level 5.7 Necromancy
 + Level 5.7 Translocations
 + Level 5.7 Transmutations
 + Level 5.7 Fire Magic
 + Level 5.7 Ice Magic
 + Level 5.7 Air Magic
 + Level 5.7 Earth Magic
 + Level 5.7 Poison Magic
 + Level 7.5 Invocations
 + Level 6.8 Evocations


You had 24 spell levels left.
You didn't know any spells.
Your spell library contained the following spells:

 Spells                   Type           Power        Failure   Level  Hunger
 Apportation              Tloc           #####.       1%          1    None
 Confusing Touch          Hex            #####.       1%          1    None
 Summon Butterflies       Summ           #####...     1%          1    None
 Confuse                  Hex            #####...     4%          3    None
 Gell's Gravitas          Tloc           #####.....   4%          3    None
 Lesser Beckoning         Tloc           #####.....   4%          3    None
 Tukima's Dance           Hex            #####...     4%          3    None
 Petrify                  Tmut/Erth      #####...     14%         4    ###....
 Alistair's Intoxication  Tmut/Pois      #####...     36%         5    #####..
 Metabolic Englaciation   Hex/Ice        #####.....   36%         5    #####..
 Yara's Violent Unravell  Hex/Tmut       #####.....   36%         5    #####..
 Invisibility             Hex            #####...     91%         6    ######.


Dungeon Overview and Level Annotations

Branches:
Dungeon (10/15)            Temple (1/1) D:6            Lair (3/6) D:9
  Swamp: Lair:2-4    Shoals: Lair:2-4     Snake: Lair:2-4    Spider: Lair:2-4
    Orc: D:9-12

Altars:
Ashenzari
Cheibriados
Dithmenos
Elyvilon
Fedhas
Gozag
Hepliaklqana
Kikubaaqudgha
Makhleb
Nemelex Xobeh
Okawaru
Qazlal
Ru
Sif Muna
Trog
Uskayaw
Vehumet
Wu Jian
Xom
Yredelemnul
Zin
The Shining One

Shops:
D:6 [   D:8 }   D:9 *

Annotations:
D:5 1 runed translucent door
D:7 exclusion: oklob plant
D:10 Erolcha


Innate Abilities, Weirdness & Mutations

Your experience applies equally to all skills.
You have very sharp teeth.
Your uncanny sense of smell can sniff out nearby items.


Message History

The water moccasin poisons you!
The water moccasin bites you but does no damage.
Evoke which item? (* to show all) (? for menu, Esc to quit)
Aiming: Enslavement
Press: ? - help, Shift-Dir - straight line, f - water moccasin
Aim: a water moccasin (heavily wounded, covered in acid, chance to defeat MR: 67%)
Okay, then.
Evoke which item? (* to show all) (? for menu, Esc to quit)
Aiming: Disintegrate
Press: ? - help, Shift-Dir - straight line, f - water moccasin
Aim: a water moccasin (heavily wounded, covered in acid, chance to defeat MR: 86%)
Okay, then.
Evoke which item? (* to show all) (? for menu, Esc to quit)
Aiming: Disintegrate
Press: ? - help, Shift-Dir - straight line, f - water moccasin
Aim: a water moccasin (heavily wounded, covered in acid, chance to defeat MR: 86%)
The water moccasin is blasted!
You blow up the water moccasin!
Cheibriados thoroughly appreciates the change of pace.
You die...

##.## #.#..P#.....P...##
#P.######..P.........#..#
##...........###.......##
######.#......#.......#
###..............##
##.#..P...........
#....##.P.......P#
##...#..##...P..##
#@##....P#.......#
##†##..............
#P>#...##..#.......
#.....#.P.#...#....
#................#.
###...#..##.##.###P
#...#####.#### #. #...##
#..# #. ##....# ##.# #.


There were no monsters in sight!

Vanquished Creatures
  Gastronok (D:9)
  Harold (D:9)
  A hydra (Lair:2)
  A two-headed ogre (D:10)
  2 black mambas (Lair:2)
  A spiny frog (Lair:2)
  A torpor snail (Lair:2)
  2 rime drakes
  A kobold demonologist (D:10)
  A hornet (D:8)
  2 hippogriffs
  Grum (D:9)
  13 yaks
  Edmund (D:3)
  8 water moccasins
  Duvessa (D:4)
  An orc warrior (D:6)
  4 porcupines (Lair:1)
  4 sky beasts
  An ice beast (D:7)
  2 black bears (D:7)
  A necrophage (D:7)
  2 phantoms
  4 ogres
  6 crocodiles
  2 wolves (D:9)
  A centaur (D:3)
  9 bullfrogs
  Blork the orc (D:4)
  Dowan (D:4)
  A scorpion (D:5)
  2 howler monkeys (D:9)
  7 wights
  An electric eel (D:8)
  3 crimson imps
  8 jellies
  2 hounds
  An orc priest (D:7)
  A centaur skeleton (D:8)
  9 orc wizards
  3 iguanas
  5 worker ants
  Terence (D:2)
  A killer bee zombie (D:5)
  3 hound skeletons
  2 worker ant zombies
  11 gnolls
  9 adders
  4 shadow imps
  12 oozes
  A worm (D:3)
  2 dart slugs (D:1)
  4 leopard geckos
  33 orcs
  5 bats
  2 giant cockroaches
  7 goblins
  7 hobgoblins
  12 jackals
  4 quokkas
  3 ball pythons
  4 frilled lizards
  8 kobolds
  A leopard gecko skeleton (D:5)
  2 leopard gecko zombies
  An orc zombie (D:10)
  7 rats
266 creatures vanquished.

Vanquished Creatures (others)
  A jelly (D:7)
  3 oozes (D:7)
  9 fungi
13 creatures vanquished.

Grand Total: 279 creatures vanquished

Notes
Turn   | Place    | Note
-------+----------+-------------------------------------------
     0 | D:1      | IBeShadow the Gnoll Wanderer began the quest for the Orb.
     0 | D:1      | IBeShadow set off with the following items: a +0 spear, a
                  | +2 scale mail, a potion of lignification, a +0 dagger, a
                  | ration
     0 | D:1      | Reached XP level 1. HP: 20/20 MP: 1/1
    33 | D:1      | Reached XP level 2. HP: 18/26 MP: 2/2
   395 | D:1      | Reached XP level 3. HP: 31/31 MP: 3/3
   619 | D:2      | Reached skill level 1 in Invocations
   757 | D:2      | Reached skill level 1 in Short Blades
   757 | D:2      | Reached skill level 1 in Long Blades
   757 | D:2      | Reached skill level 1 in Axes
   757 | D:2      | Reached skill level 1 in Staves
   757 | D:2      | Reached skill level 1 in Slings
   757 | D:2      | Reached skill level 1 in Bows
   757 | D:2      | Reached skill level 1 in Crossbows
   757 | D:2      | Reached skill level 1 in Shields
   757 | D:2      | Reached skill level 1 in Unarmed Combat
   757 | D:2      | Reached skill level 1 in Spellcasting
   757 | D:2      | Reached skill level 1 in Evocations
   757 | D:2      | Reached XP level 4. HP: 38/38 MP: 5/5
  1232 | D:2      | Noticed Terence
  1260 | D:2      | Killed Terence
  1260 | D:2      | Reached skill level 1 in Conjurations
  1260 | D:2      | Reached skill level 1 in Hexes
  1260 | D:2      | Reached skill level 1 in Charms
  1260 | D:2      | Reached skill level 1 in Summonings
  1260 | D:2      | Reached skill level 1 in Necromancy
  1260 | D:2      | Reached skill level 1 in Translocations
  1260 | D:2      | Reached skill level 1 in Transmutations
  1260 | D:2      | Reached skill level 1 in Fire Magic
  1260 | D:2      | Reached skill level 1 in Ice Magic
  1260 | D:2      | Reached skill level 1 in Air Magic
  1260 | D:2      | Reached skill level 1 in Earth Magic
  1260 | D:2      | Reached skill level 1 in Poison Magic
  1436 | D:3      | Reached XP level 5. HP: 25/43 MP: 6/6
  1444 | D:3      | Noticed a centaur
  1455 | D:3      | Killed a centaur
  1983 | D:3      | Reached XP level 6. HP: 36/50 MP: 8/8
  2950 | D:4      | Noticed a phantom
  3271 | D:4      | Noticed Duvessa
  3271 | D:4      | Noticed Dowan
  3308 | D:4      | Killed Duvessa
  3308 | D:4      | Reached skill level 5 in Fighting
  3308 | D:4      | Reached skill level 5 in Armour
  3310 | D:4      | Killed Dowan
  3310 | D:4      | Reached XP level 7. HP: 46/56 MP: 8/10
  3863 | D:4      | Noticed Edmund
  4109 | D:3      | Killed Edmund
  4646 | D:4      | Noticed Blork the orc
  4655 | D:4      | Killed Blork the orc
  4655 | D:4      | Reached skill level 5 in Stealth
  4943 | D:5      | Entered Level 5 of the Dungeon
  4969 | D:5      | Found an ornate altar of the Wu Jian Council.
  4985 | D:5      | Reached XP level 8. HP: 58/63 MP: 12/12
  5881 | D:5      | Found a glowing golden altar of the Shining One.
  5882 | D:5      | Found a runed translucent door.
  5882 | D:5      | Noticed an angel
  6296 | D:6      | Found Ukkauk's Antique Armour Shop.
  6561 | D:6      | Found a staircase to the Ecumenical Temple.
  6647 | D:6      | Found a deep blue altar of Sif Muna.
  6748 | D:6      | Reached XP level 9. HP: 63/69 MP: 14/14
  7483 | Temple   | Entered the Ecumenical Temple
  7638 | Temple   | Became a worshipper of Cheibriados the Contemplative
  7921 | D:7      | Found an ancient bone altar of Kikubaaqudgha.
  8156 | D:7      | Reached skill level 5 in Maces & Flails
  8156 | D:7      | Reached skill level 5 in Polearms
  8156 | D:7      | Reached skill level 5 in Throwing
  8156 | D:7      | Reached skill level 5 in Dodging
  8355 | D:7      | Noticed an oklob plant
  8587 | D:7      | Reached * piety under Cheibriados
  9213 | D:8      | Noticed a hornet
  9218 | D:8      | Killed a hornet
  9246 | D:8      | Reached skill level 5 in Invocations
  9497 | D:8      | Found Rextegh's Gadget Emporium.
  9785 | D:9      | Reached XP level 10. HP: 67/77 MP: 15/17
  9794 | D:9      | Reached ** piety under Cheibriados
  9867 | D:9      | Found a white marble altar of Elyvilon.
  9949 | D:9      | Noticed Gastronok
  9951 | D:9      | Found Kitonwoq's Assorted Antiques.
  9965 | D:9      | Killed Gastronok
  9965 | D:9      | Reached skill level 5 in Short Blades
  9965 | D:9      | Reached skill level 5 in Long Blades
  9965 | D:9      | Reached skill level 5 in Axes
  9965 | D:9      | Reached skill level 5 in Staves
  9965 | D:9      | Reached skill level 5 in Slings
  9965 | D:9      | Reached skill level 5 in Bows
  9965 | D:9      | Reached skill level 5 in Crossbows
  9965 | D:9      | Reached skill level 5 in Shields
  9965 | D:9      | Reached skill level 5 in Unarmed Combat
  9965 | D:9      | Reached skill level 5 in Spellcasting
  9965 | D:9      | Reached skill level 5 in Evocations
 10014 | D:9      | Noticed Harold
 10030 | D:9      | Killed Harold
 10292 | D:9      | Noticed Grum
 10610 | D:9      | Killed Grum
 10878 | D:9      | Reached XP level 11. HP: 84/84 MP: 19/19
 10935 | D:9      | Found a staircase to the Lair.
 10946 | D:9      | Reached *** piety under Cheibriados
 11205 | D:10     | Entered Level 10 of the Dungeon
 11310 | D:10     | Noticed a two-headed ogre
 11323 | D:10     | Killed a two-headed ogre
 11524 | D:10     | Reached skill level 5 in Conjurations
 11524 | D:10     | Reached skill level 5 in Hexes
 11524 | D:10     | Reached skill level 5 in Charms
 11524 | D:10     | Reached skill level 5 in Summonings
 11524 | D:10     | Reached skill level 5 in Necromancy
 11524 | D:10     | Reached skill level 5 in Translocations
 11524 | D:10     | Reached skill level 5 in Transmutations
 11524 | D:10     | Reached skill level 5 in Fire Magic
 11524 | D:10     | Reached skill level 5 in Ice Magic
 11524 | D:10     | Reached skill level 5 in Air Magic
 11524 | D:10     | Reached skill level 5 in Earth Magic
 11524 | D:10     | Reached skill level 5 in Poison Magic
 11904 | D:10     | Noticed Erolcha
 12094 | Lair:1   | Entered Level 1 of the Lair of Beasts
 12488 | Lair:1   | Reached **** piety under Cheibriados
 13946 | Lair:2   | Reached XP level 12. HP: 85/93 MP: 22/22
 14000 | Lair:2   | Noticed a seven-headed hydra
 14264 | Lair:2   | Killed a seven-headed hydra
 14926 | Lair:2   | HP: 4/93 [poisoned by a black mamba]
 14929 | Lair:2   | HP: 1/94 [water moccasin (2)]
 14930 | Lair:2   | Succumbed to a water moccasin's poison

Skill      XL: |  1  2  3  4  5  6  7  8  9 10 11 |
---------------+----------------------------------+-----
Invocations    | 1 2 3 4 5 6 7 |  7.5
Short Blades   | 1 2 3 4 5 6 |  6.8
Long Blades    | 1 2 3 4 5 6 |  6.8
Axes           | 1 2 3 4 5 6 |  6.8
Staves         | 1 2 3 4 5 6 |  6.8
Slings         | 1 2 3 4 5 6 |  6.8
Bows           | 1 2 3 4 5 6 |  6.8
Crossbows      | 1 2 3 4 5 6 |  6.8
Shields        | 1 2 3 4 5 6 |  6.8
Unarmed Combat | 1 2 3 4 5 6 |  6.8
Spellcasting   | 1 2 3 4 5 6 |  6.8
Evocations     | 1 2 3 4 5 6 |  6.8
Conjurations   | 1 2 3 4 5 |  5.7
Hexes          | 1 2 3 4 5 |  5.7
Charms         | 1 2 3 4 5 |  5.7
Summonings     | 1 2 3 4 5 |  5.7
Necromancy     | 1 2 3 4 5 |  5.7
Translocations | 1 2 3 4 5 |  5.7
Transmutations | 1 2 3 4 5 |  5.7
Fire Magic     | 1 2 3 4 5 |  5.7
Ice Magic      | 1 2 3 4 5 |  5.7
Air Magic      | 1 2 3 4 5 |  5.7
Earth Magic    | 1 2 3 4 5 |  5.7
Poison Magic   | 1 2 3 4 5 |  5.7
Maces & Flails | 3 4 5 6 7 |  7.4
Polearms       | 3 4 5 6 7 |  7.4
Throwing       | 3 4 5 6 7 |  7.4
Dodging        | 3 4 5 6 7 |  7.4
Fighting       | 5 6 7 8 |  8.3
Armour         | 5 6 7 8 |  8.3
Stealth        | 5 6 7 8 |  8.1

Action                   |  1- 3 |  4- 6 |  7- 9 | 10-12 || total
-------------------------+-------+-------+-------+-------++-------
Melee: Spear             |   102 |    64 |       |       ||   166
       Bite              |    16 |    22 |    45 |    69 ||   152
       Punch             |     1 |       |     8 |    12 ||    21
       Mace              |       |    85 |    13 |       ||    98
       Quarterstaff      |       |    41 |    23 |       ||    64
       Flail             |       |       |   294 |   280 ||   574
 Fire: Shortbow          |       |       |     3 |       ||     3
       Hunting sling     |       |       |     3 |       ||     3
Evoke: Wand              |       |       |     2 |    19 ||    21
       Phial of floods   |       |       |       |     1 ||     1
  Use: Potion            |       |     1 |     3 |     2 ||     6
       Scroll            |       |       |     7 |     5 ||    12
 Stab: Sleeping          |     1 |       |     6 |    12 ||    19
       Invisible         |       |       |     5 |       ||     5
  Eat: Chunk             |       |     7 |    14 |     6 ||    27
       Ration            |       |       |     2 |       ||     2
Armor: Scale mail        |    43 |    71 |   190 |    97 ||   401
       Skin              |       |    36 |       |       ||    36
Dodge: Dodged            |    29 |    89 |   278 |   310 ||   706
       Deflected         |       |       |       |     1 ||     1
